TOP OF THE 1ST |
Cincinnati Pride batting - Pitching for Barry's Bay Orioles : RHP Wilson Molina
|
Pitching: RHP Wilson Molina
|
|
Batting: RHB Larry Booth
|
0-0: Ball 1-0: Foul Ball, location: 2F 1-1: Ball 2-1: Ground out 5-3 (Groundball, 56)
|
Batting: SHB Rafael Villa
|
0-0: Ground out 4-3 (Groundball, 34)
|
Batting: RHB Michael Skinner
|
0-0: Fly out, F4 (Popup, 4)
|
Top of the 1st over - 0 run(s), 0 hit(s), 0 error(s), 0 left on base; Cincinnati 0 - Barry's Bay 0 |
BOTTOM OF THE 1ST |
Barry's Bay Orioles batting - Pitching for Cincinnati Pride : RHP Rusty van Rhee
|
Pitching: RHP Rusty van Rhee
|
|
Batting: RHB Jeremy Flemming
|
0-0: Foul Ball, location: 2F 0-1: Ball 1-1: Ball 2-1: Foul Ball, location: 2F 2-2: Strikes out swinging
|
Batting: RHB Juan Méndez
|
0-0: Foul Ball, location: 2F 0-1: Ground out 4-3 (Groundball, 4)
|
Batting: RHB Shaun Puckett
|
0-0: Fly out, F9 (Flyball, 9LSF)
|
Bottom of the 1st over - 0 run(s), 0 hit(s), 0 error(s), 0 left on base; Cincinnati 0 - Barry's Bay 0 |
TOP OF THE 2ND |
Cincinnati Pride batting - Pitching for Barry's Bay Orioles : RHP Wilson Molina
|
Batting: RHB Roberto Chávez
|
0-0: Foul Ball, location: 2F 0-1: Foul Ball, location: 2F 0-2: Strikes out swinging
|
Batting: RHB Gabriel Villegas
|
0-0: Ball 1-0: Swinging Strike 1-1: Ball 2-1: Foul Ball, location: 2F 2-2: Ball 3-2: Base on Balls
|
Batting: LHB Marvin Morris
|
0-0: DOUBLE (Flyball, 78D) Gabriel Villegas to third
|
Batting: RHB Juan Martínez
|
0-0: SINGLE (Flyball, 9LS) Gabriel Villegas scores Marvin Morris to third
|
Batting: RHB Wilson Flores
|
0-0: Ball Juan Martínez steals 2nd base 1-0: Fly out, F8 (Flyball, 8LM) Runner from 3rd tags up, SCORES, throw made
|
Batting: RHB Norris Howard
|
0-0: Ball 1-0: SINGLE (Line Drive, 4D) Juan Martínez to third Runner from 3rd tries for Home, SAFE, no throw or cutoff
|
Batting: RHB Larry Booth
|
0-0: Fly out, F7 (Flyball, 7LM)
|
Top of the 2nd over - 3 run(s), 3 hit(s), 0 error(s), 1 left on base; Cincinnati 3 - Barry's Bay 0 |
BOTTOM OF THE 2ND |
Barry's Bay Orioles batting - Pitching for Cincinnati Pride : RHP Rusty van Rhee
|
Batting: RHB Pedro Molina
|
0-0: Foul Ball, location: 2F 0-1: Called Strike 0-2: Ball 1-2: Ball 2-2: Foul Ball, location: 2F 2-2: Ground out 6-3 (Groundball, 6M)
|
Batting: RHB Tom Hughes
|
0-0: Ground out 6-3 (Groundball, 6)
|
Batting: LHB John White
|
0-0: Ball 1-0: Ball 2-0: Fly out, F8 (Flyball, 78M)
|
Bottom of the 2nd over - 0 run(s), 0 hit(s), 0 error(s), 0 left on base; Cincinnati 3 - Barry's Bay 0 |
TOP OF THE 3RD |
Cincinnati Pride batting - Pitching for Barry's Bay Orioles : RHP Wilson Molina
|
Batting: SHB Rafael Villa
|
0-0: Ball 1-0: Swinging Strike 1-1: Ground out 4-3 (Groundball, 34)
|
Batting: RHB Michael Skinner
|
0-0: Foul Ball, location: 2F 0-1: Ball 1-1: Called Strike 1-2: Ball 2-2: Foul Ball, location: 2F 2-2: Ball 3-2: Fly out, F8 (Flyball, 8LM)
|
Batting: RHB Roberto Chávez
|
0-0: Foul Ball, location: 2F 0-1: Ball 1-1: Ball 2-1: DOUBLE (Line Drive, 3D)
|
Batting: RHB Gabriel Villegas
|
0-0: Fly out, F3 (Popup, 3DF)
|
Top of the 3rd over - 0 run(s), 1 hit(s), 0 error(s), 1 left on base; Cincinnati 3 - Barry's Bay 0 |
BOTTOM OF THE 3RD |
Barry's Bay Orioles batting - Pitching for Cincinnati Pride : RHP Rusty van Rhee
|
Batting: LHB Martin Short
|
0-0: Called Strike 0-1: Foul Ball, location: 2F 0-2: Ball 1-2: Ball 2-2: Strikes out swinging
|
Batting: RHB Curt Wagner
|
0-0: SINGLE (Line Drive, 8LS)
|
Batting: SHB Walt Simmons
|
0-0: Called Strike 0-1: Ball 1-1: Ball 2-1: Called Strike 2-2: Strikes out swinging
|
Batting: RHB Jeremy Flemming
|
0-0: Foul Ball, location: 2F 0-1: Foul Ball, location: 2F 0-2: Ball 1-2: Foul Ball, location: 2F 1-2: Strikes out swinging
|
Bottom of the 3rd over - 0 run(s), 1 hit(s), 0 error(s), 1 left on base; Cincinnati 3 - Barry's Bay 0 |
TOP OF THE 4TH |
Cincinnati Pride batting - Pitching for Barry's Bay Orioles : RHP Wilson Molina
|
Batting: LHB Marvin Morris
|
0-0: Ball 1-0: Foul Ball, location: 2F 1-1: Swinging Strike 1-2: Strikes out swinging
|
Batting: RHB Juan Martínez
|
0-0: Called Strike 0-1: Ground out 6-3 (Groundball, 6)
|
Batting: RHB Wilson Flores
|
0-0: Fly out, F7 (Flyball, 78D)
|
Top of the 4th over - 0 run(s), 0 hit(s), 0 error(s), 0 left on base; Cincinnati 3 - Barry's Bay 0 |
BOTTOM OF THE 4TH |
Barry's Bay Orioles batting - Pitching for Cincinnati Pride : RHP Rusty van Rhee
|
Batting: RHB Juan Méndez
|
0-0: Ball 1-0: Ball 2-0: Ball 3-0: Called Strike 3-1: Base on Balls
|
Batting: RHB Shaun Puckett
|
0-0: DOUBLE (Line Drive, 78M) Juan Méndez to third Runner from 3rd tries for Home, SAFE, no throw or cutoff
|
Batting: RHB Pedro Molina
|
0-0: Ball 1-0: Called Strike 1-1: Called Strike 1-2: Fly out, F9 (Flyball, 9M)
|
Batting: RHB Tom Hughes
|
0-0: Foul Ball, location: 2F 0-1: Called Strike 0-2: Strikes out swinging
|
Batting: LHB John White
|
0-0: Ball 1-0: Ball 2-0: Called Strike 2-1: Fly out, F7 (Flyball, 7S)
|
Bottom of the 4th over - 1 run(s), 1 hit(s), 0 error(s), 1 left on base; Cincinnati 3 - Barry's Bay 1 |
TOP OF THE 5TH |
Cincinnati Pride batting - Pitching for Barry's Bay Orioles : RHP Wilson Molina
|
Batting: RHB Norris Howard
|
0-0: Foul Ball, location: 2F 0-1: Ball 1-1: Called Strike 1-2: Strikes out swinging
|
Batting: RHB Larry Booth
|
0-0: Ground out 6-3 (Groundball, 6)
|
Batting: SHB Rafael Villa
|
0-0: Foul Ball, location: 2F 0-1: Ball 1-1: Fly out, F8 (Line Drive, 8LM)
|
Top of the 5th over - 0 run(s), 0 hit(s), 0 error(s), 0 left on base; Cincinnati 3 - Barry's Bay 1 |
BOTTOM OF THE 5TH |
Barry's Bay Orioles batting - Pitching for Cincinnati Pride : RHP Rusty van Rhee
|
Batting: LHB Martin Short
|
0-0: Called Strike 0-1: Ball 1-1: Swinging Strike 1-2: Ground out 4-3 (Groundball, 34)
|
Batting: RHB Curt Wagner
|
0-0: Ball 1-0: Ball 2-0: Ball 3-0: Base on Balls
|
Batting: SHB Walt Simmons
|
0-0: Foul Ball, location: 2F 0-1: Foul Ball, location: 2F 0-2: Ball 1-2: DOUBLE (Groundball, 5L) Curt Wagner to third
|
Batting: RHB Jeremy Flemming
|
0-0: Ball 1-0: Called Strike 1-1: Ball 2-1: Ball 3-1: Base on Balls
|
Batting: RHB Juan Méndez
|
0-0: Called Strike 0-1: SINGLE (Groundball, 56D) Curt Wagner scores Walt Simmons to third Jeremy Flemming to second Runner from 3rd tries for Home, SAFE, no throw or cutoff
|
Batting: RHB Shaun Puckett
|
0-0: Called Strike 0-1: Foul Ball, location: 2F 0-2: Ball 1-2: Foul Ball, location: 2F 1-2: Reached on error, E5 (Groundball, 56) Jeremy Flemming to third Juan Méndez to second
|
Batting: RHB Pedro Molina
|
0-0: Ball 1-0: Fly out, F9 (Flyball, 89D) Runner from 3rd tags up, SCORES, no throw Juan Méndez to third
|
Batting: RHB Tom Hughes
|
0-0: Called Strike 0-1: Ball 1-1: Foul Ball, location: 2F 1-2: Ball 2-2: Ball Pickoff Throw to First - Out!
|
Bottom of the 5th over - 3 run(s), 2 hit(s), 1 error(s), 0 left on base; Cincinnati 3 - Barry's Bay 4 |
TOP OF THE 6TH |
Cincinnati Pride batting - Pitching for Barry's Bay Orioles : RHP Wilson Molina
|
Batting: RHB Michael Skinner
|
0-0: Foul Ball, location: 2F 0-1: Swinging Strike 0-2: Ball 1-2: Foul Ball, location: 2F 1-2: Foul Ball, location: 2F 1-2: Ball 2-2: Foul Ball, location: 2F 2-2: Ball 3-2: Strikes out swinging
|
Batting: RHB Roberto Chávez
|
0-0: Called Strike 0-1: Called Strike 0-2: Strikes out looking
|
Batting: RHB Gabriel Villegas
|
0-0: Ball 1-0: Ground out 6-3 (Groundball, 6M)
|
Top of the 6th over - 0 run(s), 0 hit(s), 0 error(s), 0 left on base; Cincinnati 3 - Barry's Bay 4 |
BOTTOM OF THE 6TH |
Barry's Bay Orioles batting - Pitching for Cincinnati Pride : RHP Rusty van Rhee
|
Batting: RHB Tom Hughes
|
0-0: Called Strike 0-1: Ball 1-1: Called Strike 1-2: Ball 2-2: Foul Ball, location: 2F 2-2: Ball 3-2: Base on Balls
|
Pitching: LHP Halewijn Tipping
|
|
Batting: LHB John White
|
0-0: Ball 1-0: Foul Ball, location: 2F 1-1: Ground out U3 (Groundball, 3S) Tom Hughes to second
|
Batting: LHB Martin Short
|
0-0: Ball 1-0: Swinging Strike 1-1: Swinging Strike 1-2: Strikes out swinging
|
Batting: RHB Curt Wagner
|
0-0: DOUBLE (Line Drive, 89D) Tom Hughes scores
|
Batting: SHB Walt Simmons
|
0-0: Ball 1-0: Called Strike 1-1: SINGLE (Groundball, 4MD) Curt Wagner to third Runner from 3rd tries for Home, SAFE, no throw or cutoff
|
Batting: RHB Jeremy Flemming
|
0-0: Ball 1-0: Foul Ball, location: 2F 1-1: Ball 2-1: 2-RUN HOME RUN (Flyball, 7D), Distance : 344 ft
|
Pitching: RHP Fernando Silva
|
|
Batting: RHB Juan Méndez
|
0-0: Fly out, F9 (Line Drive, 9M)
|
Bottom of the 6th over - 4 run(s), 3 hit(s), 0 error(s), 0 left on base; Cincinnati 3 - Barry's Bay 8 |
TOP OF THE 7TH |
Cincinnati Pride batting - Pitching for Barry's Bay Orioles : RHP Wilson Molina
|
Batting: LHB Marvin Morris
|
0-0: Ball 1-0: Ground out 4-3 (Groundball, 34)
|
Batting: RHB Juan Martínez
|
0-0: Ball 1-0: Foul Ball, location: 2F 1-1: Ball 2-1: Ground out 5-3 (Groundball, 5)
|
Batting: RHB Wilson Flores
|
0-0: Foul Ball, location: 2F 0-1: Ball 1-1: Called Strike 1-2: Strikes out looking
|
Top of the 7th over - 0 run(s), 0 hit(s), 0 error(s), 0 left on base; Cincinnati 3 - Barry's Bay 8 |
BOTTOM OF THE 7TH |
Barry's Bay Orioles batting - Pitching for Cincinnati Pride : RHP Fernando Silva
|
Batting: RHB Shaun Puckett
|
0-0: Ball 1-0: Swinging Strike 1-1: Swinging Strike 1-2: Ball 2-2: Foul Ball, location: 2F 2-2: Ball 3-2: Fly out, F9 (Flyball, 89M)
|
Batting: RHB Pedro Molina
|
0-0: Ball 1-0: Ball 2-0: Ball 3-0: Base on Balls
|
Batting: RHB Tom Hughes
|
0-0: Ball 1-0: Fly out, F7 (Flyball, 78M)
|
Batting: LHB John White
|
0-0: Ball 1-0: Ball 2-0: Called Strike 2-1: Swinging Strike 2-2: Ball 3-2: Base on Balls Pedro Molina to second
|
Batting: LHB Martin Short
|
0-0: Fielders Choice at 2nd, U6 (Groundball, 6M)
|
Bottom of the 7th over - 0 run(s), 0 hit(s), 0 error(s), 2 left on base; Cincinnati 3 - Barry's Bay 8 |
TOP OF THE 8TH |
Cincinnati Pride batting - Pitching for Barry's Bay Orioles : RHP Wilson Molina
|
Now at C: John Horton
|
|
Batting: RHB Norris Howard
|
0-0: Ball 1-0: Fly out, F8 (Flyball, 8LS)
|
Batting: RHB Larry Booth
|
0-0: Ball 1-0: Called Strike 1-1: Called Strike 1-2: Ball 2-2: Foul Ball, location: 2F 2-2: Strikes out looking
|
Batting: SHB Rafael Villa
|
0-0: Called Strike 0-1: Called Strike 0-2: Ball 1-2: Ball 2-2: Foul Ball, location: 2F 2-2: Ball 3-2: Foul Ball, location: 2F 3-2: Foul Ball, location: 2F 3-2: Base on Balls
|
Pitching: RHP Artie Hall
|
|
Batting: RHB Michael Skinner
|
0-0: Called Strike 0-1: Ball 1-1: Fielders Choice at 2nd, U4 (Groundball, 4M)
|
Top of the 8th over - 0 run(s), 0 hit(s), 0 error(s), 1 left on base; Cincinnati 3 - Barry's Bay 8 |
BOTTOM OF THE 8TH |
Barry's Bay Orioles batting - Pitching for Cincinnati Pride : RHP Fernando Silva
|
Batting: RHB Curt Wagner
|
0-0: Called Strike 0-1: Swinging Strike 0-2: Strikes out swinging
|
Batting: SHB Walt Simmons
|
0-0: Ball 1-0: Fly out, F6 (Popup, 56D)
|
Batting: RHB Jeremy Flemming
|
0-0: Called Strike 0-1: Ground out 6-3 (Groundball, 6)
|
Bottom of the 8th over - 0 run(s), 0 hit(s), 0 error(s), 0 left on base; Cincinnati 3 - Barry's Bay 8 |
TOP OF THE 9TH |
Cincinnati Pride batting - Pitching for Barry's Bay Orioles : RHP Artie Hall
|
Batting: RHB Roberto Chávez
|
0-0: Foul Ball, location: 2F 0-1: Called Strike 0-2: Ball 1-2: Strikes out looking
|
Batting: RHB Gabriel Villegas
|
0-0: Ball 1-0: Ground out 5-3 (Groundball, 56S)
|
Batting: LHB Marvin Morris
|
0-0: Called Strike 0-1: Ball 1-1: Foul Ball, location: 2F 1-2: Strikes out swinging
|
Top of the 9th over - 0 run(s), 0 hit(s), 0 error(s), 0 left on base; Cincinnati 3 - Barry's Bay 8 |
|